 Dungeon Crawl Stone Soup version 0.29-a0-472-ge5599a681e (webtiles) character file.

Game seed: 16448131111859653371

741 YayAnonymity the Shield-Bearer (level 7, -2/60 HPs)
             Began as a Gnoll Fighter on May 22, 2022.
             Slain by Eustachio
             ... wielding a +2 rapier of venom
              (5 damage)
             ... on level 5 of the Dungeon.
             The game lasted 00:05:23 (4169 turns).

YayAnonymity the Shield-Bearer (Gnoll Fighter)      Turns: 4169, Time: 00:05:24

Health: -2/60      AC: 19    Str: 18      XL:     7   Next: 75%
Magic:  11/11      EV:  6    Int:  7      God:
Gold:   214        SH:  5    Dex: 10 (11) Spells: 11/11 levels left

rFire   . . .      SeeInvis .   a - +0 trident
rCold   . . .      Faith    .   c - +0 buckler
rNeg    + . .      Spirit   .   f - +1 plate armour
rPois   .          Reflect  .   (no helmet)
rElec   .          Harm     .   (no cloak)
rCorr   .          Rampage  .   p - +0 pair of gloves
Will    .....                   (no boots)
Stlth   ..........              (no amulet)
HPRegen 0.20/turn               m - +4 ring of protection
MPRegen 0.12/turn               e - ring of positive energy

@: lethally poisoned (-2 -> -6)
A: fangs 1, strong nose, distributed training
a: no special abilities


You were on level 5 of the Dungeon.
You visited 1 branch of the dungeon, and saw 5 of its levels.
You also visited: Sewer.

You collected 214 gold pieces.

Inventory:

Hand Weapons
 a - a +0 trident (weapon)
Missiles
 o - 3 poisoned darts (quivered)
Armour
 c - a +0 buckler (worn)
 f - a +1 plate armour (worn)
 p - a +0 pair of gloves (worn)
Jewellery
 e - a ring of positive energy (right hand)
 m - a +4 ring of protection (left hand)
 r - a ring of flight
Scrolls
 d - a scroll of poison
 i - 3 scrolls of teleportation
 q - 2 scrolls of fear
 s - a scroll of identify
 t - a scroll of vulnerability {unknown}
Potions
 b - 6 potions of curing
 g - a potion of flight
 h - a potion of ambrosia
 j - a potion of cancellation {unknown}
 k - a potion of might
 l - a potion of brilliance {unknown}
 n - a potion of magic {unknown}


   Skills:
 + Level 7.1 Fighting
 + Level 2.7 Short Blades
 + Level 2.7 Long Blades
 + Level 2.7 Axes
 + Level 2.7 Maces & Flails
 + Level 5.3 Polearms
 + Level 2.7 Staves
 + Level 2.7 Slings
 + Level 2.7 Bows
 + Level 2.7 Crossbows
 + Level 2.7 Throwing
 + Level 7.1 Armour
 + Level 2.7 Dodging
 + Level 2.7 Stealth
 + Level 7.1 Shields
 + Level 2.7 Unarmed Combat
 + Level 2.7 Spellcasting
 + Level 2.2 Conjurations
 + Level 2.2 Hexes
 + Level 2.2 Summonings
 + Level 2.2 Necromancy
 + Level 2.2 Translocations
 + Level 2.2 Transmutations
 + Level 2.2 Fire Magic
 + Level 2.2 Ice Magic
 + Level 2.2 Air Magic
 + Level 2.2 Earth Magic
 + Level 2.2 Poison Magic
 + Level 3.0 Invocations
 + Level 2.7 Evocations


You had 11 spell levels left.
You didn't know any spells.
Your spell library contained the following spells:

 Spells                   Type           Power      Damage    Failure   Level
 Magic Dart               Conj           16%        1d3       99%         1
 Searing Ray              Conj           8%         2d4       100%        2
 Dazzling Flash           Conj/Hex       8%         N/A       100%        3
 Gell's Gravitas          Tloc           4%         N/A       100%        3
 Lesser Beckoning         Tloc           4%         N/A       100%        3
 Teleport Other           Tloc           4%         N/A       100%        3
 Fulminant Prism          Conj/Hex       2%         3d6       100%        4
 Iskenderun's Mystic Bla  Conj/Tloc      4%         2d3       100%        4
 Starburst                Conj/Fire      2%         6d3       100%        6


Dungeon Overview and Level Annotations

Branches:
Dungeon (5/15)              Sewer (visited)
 Temple: D:4-7

Altars:

Annotations:
D:5 Eustachio


Innate Abilities, Weirdness & Mutations

You have very sharp teeth.
Your uncanny sense of smell can sniff out nearby items.
Your experience applies equally to all skills.


Message History

Eustachio hits you with a +2 rapier of venom!
* * * LOW HITPOINT WARNING * * *
You block the quasit's attack.
The quasit claws you but does no damage. x2
The quokka bites you but does no damage.
The quasit bites you but does no damage.
The quasit claws you.
* * * LOW HITPOINT WARNING * * *
You feel clumsy. The quasit closely misses you.
The shadow imp hits you but does no damage.
Eustachio hits you but does no damage.
You hit Eustachio.
Eustachio is severely wounded.
The bat hits you but does no damage.
The quasit bites you but does no damage.
The quasit claws you but does no damage.
The quasit claws you.
* * * LOW HITPOINT WARNING * * *
You block the quokka's attack.
The quasit bites you but does no damage.
The quasit barely misses you.
The quasit claws you but does no damage.
The shadow imp barely misses you. You block the quasit's attack.
The quasit claws you but does no damage. x2
You block the river rat's attack. Eustachio hits you but does no damage.
You are lethally poisoned!
You hit Eustachio.
Eustachio is severely wounded.
* * * LOW HITPOINT WARNING * * *
You feel sick.
The quokka bites you but does no damage.
The quasit bites you but does no damage.
You block the quasit's attack. x2; The bat hits you but does no damage.
The quasit bites you but does no damage.
The quasit claws you but does no damage.
The quasit barely misses you. The shadow imp barely misses you.
The river rat bites you but does no damage.
Eustachio hits you with a +2 rapier of venom.
You die...

.. ... .... ∆
...###########
#......§§§...#
#....r.......#
#...b@5......#
#...r@5......#
#...5.r......+
#............#
#............#
#......###+##
#..>...#
+......#
#......#
#......#####


You could see Eustachio, 2 quasits, a river rat (summoned), a shadow imp
(summoned), 2 quokkas and a bat (summoned).

Vanquished Creatures
  Grinder (D:3)
  A black bear (D:5)
  2 scorpions
  A jelly (D:4)
  2 hounds (D:4)
  Natasha (thrice) (D:3)
  An orc wizard (D:5)
  A hell rat (Sewer)
  A hound zombie (D:5)
  3 adders
  2 worms
  A dart slug (D:2)
  5 orcs
  5 bats
  4 endoplasms
  3 giant cockroaches (D:4)
  6 goblins
  6 hobgoblins
  3 jackals (D:4)
  2 quokkas (D:1)
  6 ball pythons
  A ball python skeleton (D:2)
  A jackal skeleton (D:2)
  4 kobolds
  A quokka zombie (D:2)
  15 rats
81 creatures vanquished.

Vanquished Creatures (others)
  An orc wizard (D:5)
  A withered plant (D:2)
2 creatures vanquished.

Grand Total: 83 creatures vanquished

Notes
Turn   | Place    | Note
-------+----------+-------------------------------------------
     0 | D:1      | YayAnonymity the Gnoll Fighter began the quest for the Orb.
     0 | D:1      | Reached XP level 1. HP: 23/23 MP: 1/1
   430 | D:1      | Reached XP level 2. HP: 29/29 MP: 2/2
   827 | D:2      | Reached XP level 3. HP: 35/35 MP: 3/3
   958 | D:2      | Reached skill level 1 in Invocations
  1401 | D:2      | Reached skill level 1 in Short Blades
  1401 | D:2      | Reached skill level 1 in Long Blades
  1401 | D:2      | Reached skill level 1 in Axes
  1401 | D:2      | Reached skill level 1 in Maces & Flails
  1401 | D:2      | Reached skill level 1 in Staves
  1401 | D:2      | Reached skill level 1 in Slings
  1401 | D:2      | Reached skill level 1 in Bows
  1401 | D:2      | Reached skill level 1 in Crossbows
  1401 | D:2      | Reached skill level 1 in Throwing
  1401 | D:2      | Reached skill level 1 in Dodging
  1401 | D:2      | Reached skill level 1 in Stealth
  1401 | D:2      | Reached skill level 1 in Unarmed Combat
  1401 | D:2      | Reached skill level 1 in Spellcasting
  1401 | D:2      | Reached skill level 1 in Evocations
  1401 | D:2      | Reached XP level 4. HP: 41/41 MP: 5/5
  1664 | D:3      | Noticed Natasha
  1680 | D:3      | Killed Natasha
  1706 | D:3      | Reached skill level 1 in Conjurations
  1706 | D:3      | Reached skill level 1 in Hexes
  1706 | D:3      | Reached skill level 1 in Summonings
  1706 | D:3      | Reached skill level 1 in Necromancy
  1706 | D:3      | Reached skill level 1 in Translocations
  1706 | D:3      | Reached skill level 1 in Transmutations
  1706 | D:3      | Reached skill level 1 in Fire Magic
  1706 | D:3      | Reached skill level 1 in Ice Magic
  1706 | D:3      | Reached skill level 1 in Air Magic
  1706 | D:3      | Reached skill level 1 in Earth Magic
  1706 | D:3      | Reached skill level 1 in Poison Magic
  1818 | D:3      | Noticed Natasha
  1830 | D:3      | Killed Natasha
  1831 | D:3      | Reached XP level 5. HP: 40/47 MP: 6/6
  1903 | D:3      | Found a faded altar of an unknown god.
  1935 | D:3      | Noticed Grinder
  1953 | D:3      | Paralysed by something for 4 turns
  1962 | D:3      | Killed Grinder
  1963 | D:3      | Reached skill level 5 in Polearms
  1963 | D:3      | Reached XP level 6. HP: 53/53 MP: 6/8
  2317 | D:3      | Noticed Natasha
  2324 | D:3      | Killed Natasha
  2469 | D:3      | Found a faded altar of an unknown god.
  2849 | D:4      | Found a glowing drain.
  2878 | Sewer    | Entered a sewer
  3067 | D:4      | Reached XP level 7. HP: 53/59 MP: 10/10
  3696 | D:5      | Entered Level 5 of the Dungeon
  4130 | D:5      | Noticed Eustachio
  4169 | D:5      | HP: 3/60 [poisoned by Eustachio]
  4169 | D:5      | Slain by Eustachio

Illustrated notes

Levels and vault maps discovered:
D:1:      minmay_arrival_plants_in_alcoves, layout_loops_cross
D:2:      layout_basic, serial_undead, serial_undead_c, serial_undead_d,
          serial_undead_c, serial_undead_c
D:3:      layout_basic, basic_ecumenical_altar, lightli_corner_chamber,
          uniq_grinder, uniq_natasha
D:4:      layout_loops_corners, portal_sewer_entry_c,
          hangedman_decor_diamond_cutter, dk_vineyard_3
D:5:      layout_gridville, nicolae_yredelemnul_corpse_copse,
          minmay_temple_entry_wispy, nicolae_concentric_dashed_squares_wild,
          uniq_eustachio

Skill      XL: |  1  2  3  4  5  6  7 |
---------------+----------------------+-----
Invocations    | 1 2 3 |  3.0
Short Blades   | 1 2 |  2.7
Long Blades    | 1 2 |  2.7
Axes           | 1 2 |  2.7
Maces & Flails | 1 2 |  2.7
Staves         | 1 2 |  2.7
Slings         | 1 2 |  2.7
Bows           | 1 2 |  2.7
Crossbows      | 1 2 |  2.7
Throwing       | 1 2 |  2.7
Dodging        | 1 2 |  2.7
Stealth        | 1 2 |  2.7
Unarmed Combat | 1 2 |  2.7
Spellcasting   | 1 2 |  2.7
Evocations     | 1 2 |  2.7
Conjurations   | 1 2 |  2.2
Hexes          | 1 2 |  2.2
Summonings     | 1 2 |  2.2
Necromancy     | 1 2 |  2.2
Translocations | 1 2 |  2.2
Transmutations | 1 2 |  2.2
Fire Magic     | 1 2 |  2.2
Ice Magic      | 1 2 |  2.2
Air Magic      | 1 2 |  2.2
Earth Magic    | 1 2 |  2.2
Poison Magic   | 1 2 |  2.2
Polearms       | 5 |  5.3
Fighting       | 7 |  7.1
Armour         | 7 |  7.1
Shields        | 7 |  7.1

Action                   |  1- 3 |  4- 6 |  7- 9 || total
-------------------------+-------+-------+-------++-------
Melee: Trident           |   100 |   134 |   105 ||   339
       Bite              |     6 |    11 |    12 ||    29
  Use: Scroll            |     1 |     9 |     1 ||    11
       Potion            |       |     1 |     1 ||     2
Armor: Plate armour      |    43 |    68 |   155 ||   266
       Scale mail        |     1 |       |       ||     1
Dodge: Dodged            |    13 |    29 |    35 ||    77
Block: Buckler           |    17 |    26 |    43 ||    86

Table legend: (Time is in decaauts)
 A = Elapsed time spent in this place.
 B = Non-inter-level travel time spent in this place.
 C = Inter-level travel time spent in this place.
 D = Time resting spent in this place.
 E = Time spent auto-exploring this place.
 F = Levels seen in this place.
 G = Mean time per level.
                   A        B        C        D        E       F      G
               +--------+--------+--------+--------+--------+-----+--------+
         Total |   4223 |   4149 |     74 |    119 |   3207 |   6 |  703.8 |
       Dungeon |   4107 |   4033 |     74 |    119 |   3138 |   5 |  821.4 |
         Sewer |    115 |    115 |      0 |      0 |     69 |   1 |  115.0 |
               +--------+--------+--------+--------+--------+-----+--------+

Top non-repeatable levels by time:
     D:4: 1005 daAuts
     D:3: 981 daAuts
     D:2: 967 daAuts
     D:1: 676 daAuts
     D:5: 477 daAuts
   Sewer: 115 daAuts
